 Dungeon Crawl Stone Soup version 0.28-a0-1190-g77e1c55843 (webtiles) character file.

Game seed: 10201377639894507533

1122 bearlyready the Firebug (level 8, -8/57 HPs)
             Began as a Grey Draconian Fire Elementalist on Dec 18, 2021.
             Was an Initiate of Gozag.
             Killed from afar by a steam dragon (16 damage)
             ... with a ball of steam
             ... on level 6 of the Dungeon.
             The game lasted 00:11:38 (7891 turns).

bearlyready the Firebug (DrFE)                      Turns: 7891, Time: 00:11:39

Health: -8/57      AC: 12    Str: 12    XL:     8   Next: 12%
Magic:  1/11       EV: 12    Int: 17    God:    Gozag
Gold:   405        SH:  0    Dex: 11    Spells: 6/11 levels left

rFire   . . .      SeeInvis .   a - +0 dagger
rCold   . . .      Faith    .   (no shield)
rNeg    . . .      Spirit   .   (armour unavailable)
rPois   .          Reflect  .   (helmet restricted)
rElec   .          Harm     .   (no cloak)
rCorr   .          Rampage  .   (no gloves)
Will    .....                   b - +0 pair of boots
Stlth   ++........              (no amulet)
HPRegen 0.19/turn               (no ring)
MPRegen 0.12/turn               (no ring)

@: about to teleport, gold aura
A: AC +11, amphibious, unfitting armour, cold-blooded
a: Renounce Religion, Potion Petition, Call Merchant, Bribe Branch


You were on level 6 of the Dungeon.
You worshipped Gozag.
Gozag was aware of your devotion.
You visited 2 branches of the dungeon, and saw 7 of its levels.

You collected 485 gold pieces.
You paid 80 gold pieces to Gozag.

Inventory:

Hand Weapons
 a - a +0 dagger (weapon)
 p - a +0 vorpal long sword
Missiles
 q - 14 poisoned darts
 w - 2 boomerangs
Armour
 b - a +0 pair of boots (worn)
Jewellery
 f - a ring of fire
 m - a ring of fire
Wands
 r - a wand of mindburst (20)
 s - a wand of iceblast (13)
Scrolls
 c - 4 scrolls of identify {unknown}
 h - 2 scrolls of brand weapon {unknown}
 o - 2 scrolls of teleportation
 t - a scroll of fear {unknown}
 u - a scroll of silence {unknown}
 x - a scroll of magic mapping {unknown}
 y - a scroll of enchant weapon {unknown}
 z - a scroll of acquirement {unknown}
Potions
 d - a potion of haste {unknown}
 e - a potion of curing {unknown}
 g - 2 potions of brilliance {unknown}
 i - a potion of invisibility {unknown}
 j - a potion of resistance {unknown}
 k - 2 potions of heal wounds {unknown}
 l - 2 potions of lignification {unknown}
 n - 3 potions of degeneration {unknown}
 v - a potion of flight {unknown}


   Skills:
 - Level 1.7 Dodging
 - Level 1.7 Stealth
 - Level 2.0 Spellcasting
 + Level 6.8 Conjurations
 + Level 7.4 Fire Magic


You had 6 spell levels left.
You knew the following spells:

 Your Spells              Type           Power      Damage    Failure   Level
a - Foxfire               Conj/Fire      100%       2x1d9     1%          1
b - Flame Wave            Conj/Fire      25%        2d6       11%         4

Your spell library contained the following spells:

 Spells                   Type           Power      Damage    Failure   Level
 Magic Dart               Conj           96%        1d7       1%          1
 Scorch                   Fire           54%        2d8       1%          2
 Conjure Flame            Conj/Fire      25%        6-21      3%          3
 Inner Flame              Hex/Fire       14%        N/A       13%         3
 Dazzling Flash           Conj/Hex       26%        N/A       14%         3
 Mephitic Cloud           Conj/Pois/Air  9%         N/A       22%         3
 Call Imp                 Summ           1%         N/A       28%         2
 Corpse Rot               Necr/Air       2%         N/A       28%         2
 Poisonous Vapours        Pois/Air       2%         N/A       28%         2
 Agony                    Necr           1%         N/A       99%         5
 Silence                  Hex/Air        0%         N/A       99%         5


Dungeon Overview and Level Annotations

Branches:
Dungeon (6/15)             Temple (1/1) D:5

Altars:
Ashenzari
Cheibriados
Dithmenos
Elyvilon
Fedhas
Gozag
Hepliaklqana
Kikubaaqudgha
Makhleb
Nemelex Xobeh
Okawaru
Qazlal
Ru
Sif Muna
Trog
Uskayaw
Vehumet
Wu Jian
Xom
Yredelemnul
Zin
The Shining One


Innate Abilities, Weirdness & Mutations

Your dull iron-grey scales are very hard. (AC +11)
You are amphibious.
You cannot fit into any form of body armour.
You are cold-blooded and may be slowed by cold attacks.


Message History

The orc is severely wounded.
You finish channelling waves of flame.
An iguana comes into view.
The ice beast barely misses you.
Casting: Flame Wave (dangerous; 11% risk of failure)
Confirm with . or Enter, or press ? or * to list all spells.
Casting: Flame Wave (dangerous; 11% risk of failure)
Press: ? - help, Dir - look around, f - activate A wave of flame ripples out!
The flame wave engulfs the ice beast.
The ice beast melts!
The ice beast is heavily wounded. (Press . to intensify the flame waves.)
The ice beast hits you but does no damage.
A wave of flame ripples out!
The flame wave engulfs the ice beast!
The ice beast melts!
You kill the ice beast!
The flame wave engulfs the steam dragon!
The steam dragon is moderately wounded.
The flame wave engulfs the orc.
You kill the orc!
Without enough magic to sustain them, the waves of flame dissipate.
The steam dragon breathes steam at you. The ball of steam hits you.
You are engulfed in a cloud of scalding steam.
You are engulfed in a cloud of scalding steam.
The orc priest calls down the wrath of Beogh upon you.
Beogh smites you!
You are engulfed in a cloud of scalding steam.
The steam dragon breathes steam at you. The ball of steam hits you!
As you read the scroll labelled VOB PUWYDAO, it crumbles to dust.
You feel strangely unstable.
It was a scroll of teleportation.
You are engulfed in a cloud of scalding steam.
The orc priest invokes the aid of Beogh against you.
Beogh smites you!
* * * LOW HITPOINT WARNING * * *
The steam dragon breathes steam at you. The ball of steam hits you!
You die...
Your body crumbles into a pile of gold.

#.#############.##.#.##
............# #.......########
#.#########.######.#..........
#'#########..# #.##.######..
.........###.#####≈≈..≈≈.≈..#
.........# ####...≈.≈≈≈≈....≈.
.........# #≈≈≈≈≈≈≈≈≈≈≈≈≈≈≈≈≈≈
.........# ###≈≈≈≈≈≈≈≈≈≈≈≈≈.≈≈
.........# ##.@≈.≈.≈....≈≈.≈
..######## #§§#≈..≈....≈≈..#
..# ##D##......≈...## ####
#o.#.##...[...# ≈≈≈#
##.#.##.......# #### #.#.# ..
.# #o# $ .# #o# .# .l.


You could see a steam dragon (catching breath) and an orc.

Vanquished Creatures
  A sky beast (D:6)
  An ice beast (D:6)
  An ogre (D:5)
  A bullfrog (D:6)
  2 scorpions
  2 water moccasin skeletons
  4 killer bees (D:6)
  A howler monkey (D:4)
  A jelly (D:5)
  An orc priest (D:3)
  A hound (D:5)
  A bullfrog skeleton (D:5)
  Jessica (D:2)
  2 iguanas (D:5)
  An orc wizard (D:5)
  A hound skeleton (D:5)
  An adder (D:6)
  A shadow imp (D:6)
  An ufetubus (D:6)
  An adder skeleton (D:5)
  3 worms
  4 dart slugs
  19 orcs
  5 endoplasms
  4 giant cockroaches
  5 goblins
  4 hobgoblins
  7 jackals
  2 quokkas (D:1)
  5 ball pythons
  5 bats
  A frilled lizard (D:2)
  7 kobolds
  3 rats
100 creatures vanquished.

Vanquished Creatures (others)
  376 foxfires
376 creatures vanquished.

Grand Total: 476 creatures vanquished

Notes
Turn   | Place    | Note
-------+----------+-------------------------------------------
     0 | D:1      | bearlyready the Draconian Fire Elementalist began the quest
                  | for the Orb.
     0 | D:1      | Reached XP level 1. HP: 14/14 MP: 3/3
   202 | D:1      | Reached XP level 2. HP: 20/20 MP: 5/5
  1195 | D:2      | Reached XP level 3. HP: 23/26 MP: 0/6
  1863 | D:2      | Noticed Jessica
  1867 | D:2      | Killed Jessica
  1868 | D:2      | Reached skill level 4 in Fire Magic
  1978 | D:2      | Reached XP level 4. HP: 21/33 MP: 3/7
  2477 | D:3      | Found a faded altar of an unknown god.
  2882 | D:3      | Reached XP level 5. HP: 10/38 MP: 1/8
  4344 | D:4      | Reached skill level 5 in Fire Magic
  4940 | D:4      | Found a glowing silver altar of Zin.
  5227 | D:5      | Entered Level 5 of the Dungeon
  5227 | D:5      | Noticed an ogre
  5235 | D:4      | Reached XP level 6. HP: 25/45 MP: 3/9
  5378 | D:4      | Learned a level 4 spell: Flame Wave
  5780 | D:5      | Found a staircase to the Ecumenical Temple.
  5879 | Temple   | Entered the Ecumenical Temple
  6282 | Temple   | Became a worshipper of Gozag Ym Sagoz the Greedy
  6462 | D:5      | Reached skill level 5 in Conjurations
  6523 | D:5      | Reached skill level 6 in Fire Magic
  6523 | D:5      | Your scales start taking on a dull iron-grey colour.
  6523 | D:5      | Reached XP level 7. HP: 44/50 MP: 0/10
  6993 | D:6      | Found a glowing golden altar of the Shining One.
  7425 | D:6      | Reached skill level 7 in Fire Magic
  7768 | D:6      | Reached XP level 8. HP: 55/57 MP: 3/11
  7891 | D:6      | Killed from afar by a steam dragon

Illustrated notes

Levels and vault maps discovered:
D:1:      scummos_arrival_hexagon, layout_loops_ring,
          nicolae_concentric_dashed_squares_mild, amcnicky_mini_pool_small
D:2:      layout_loops_corners, minmay_door_square, uniq_jessica
D:3:      cheibrodos_pilgrimage, layout_basic,
          hellmonk_ecumenical_altar_heavens_door
D:4:      layout_basic, lemuel_doored_altar
D:5:      layout_basic, minmay_temple_entry_gardened_gates
D:6:      layout_basic, general_overflow_altar, serial_rivers,
          chequers_serial_rivers_small_3, chequers_serial_rivers_micro_b,
          chequers_serial_rivers_large_b, chequers_serial_rivers_micro_e,
          chequers_serial_rivers_room_a, st_stairs_14
Temple:   mainiacjoe_temple_big_plus

Skill      XL: |  1  2  3  4  5  6  7 |
---------------+----------------------+-----
Conjurations   | 2 3 4 5 6 |  6.8
Fire Magic     | 4 5 6 7 |  7.4
Dodging        | |  1.7
Stealth        | |  1.7
Spellcasting   | |  2.0

Action                   |  1- 3 |  4- 6 |  7- 9 || total
-------------------------+-------+-------+-------++-------
Melee: Dagger            |    51 |    48 |    23 ||   122
       Tailslap          |     2 |     2 |     7 ||    11
 Cast: Foxfire           |    60 |   119 |    50 ||   229
       Flame Wave        |       |       |     3 ||     3
  Use: Scroll            |       |       |     1 ||     1
 Stab: Sleeping          |     1 |     1 |       ||     2
Armor: Skin              |    26 |    35 |    22 ||    83
Dodge: Dodged            |    63 |    63 |    25 ||   151

Table legend: (Time is in decaauts)
 A = Elapsed time spent in this place.
 B = Non-inter-level travel time spent in this place.
 C = Inter-level travel time spent in this place.
 D = Time resting spent in this place.
 E = Time spent auto-exploring this place.
 F = Levels seen in this place.
 G = Mean time per level.
                   A        B        C        D        E       F      G
               +--------+--------+--------+--------+--------+-----+--------+
         Total |   7893 |   7589 |    304 |    233 |   6289 |   7 | 1127.6 |
       Dungeon |   7469 |   7186 |    283 |    233 |   5903 |   6 | 1244.8 |
        Temple |    424 |    403 |     21 |      0 |    386 |   1 |  424.0 |
               +--------+--------+--------+--------+--------+-----+--------+

Top non-repeatable levels by time:
     D:3: 1773 daAuts
     D:2: 1399 daAuts
     D:4: 1268 daAuts
     D:5: 1164 daAuts
     D:1: 963 daAuts
     D:6: 900 daAuts
  Temple: 424 daAuts
